 Dungeon Crawl Stone Soup version 0.31-a0-963-ga325b2283a (webtiles) character file.

Game seed: 3519290586260127013

77 Armakuni the Trooper (level 4, -4/35 HPs)
             Began as a Human Shapeshifter on Oct 24, 2023.
             Slain by Crazy Yiuf
             ... wielding a +2 quarterstaff of chaos
              (16 damage)
             ... on level 2 of the Dungeon.
             The game lasted 00:03:52 (1423 turns).

Armakuni the Trooper (Human Shapeshifter)           Turns: 1423, Time: 00:03:53

Health: -4/35      AC:  3    Str: 15    XL:     4   Next: 58%
Magic:  5/5        EV: 11    Int: 12    God:
Gold:   96         SH:  0    Dex: 12    Spells: 3/5 levels left

rFire   . . .        a - +1 whip (venom)
rCold   . . .        (no shield)
rNeg    . . .        f - +0 leather armour
rPois   .            (helmet currently unavailable)
rElec   .            (cloak currently unavailable)
rCorr   .            (gloves currently unavailable)
SInv    +            (boots currently unavailable)
Will    .....        (no amulet)
Stlth   +            I - ring of see invisible
HPRegen 0.25/turn    (no ring)
MPRegen 0.09/turn

%: no passive effects
@: beast-form
A: beast (slay +1)
a: Begin Untransformation


You were on level 2 of the Dungeon.
You were a hulking beast.
You visited 1 branch of the dungeon, and saw 2 of its levels.

You collected 96 gold pieces.

Inventory:

Hand Weapons
 a - a +1 whip of venom (weapon)
 b - a +0 flail
Armour
 f - a +0 leather armour (worn)
 g - a +3 ring mail
 h - a +0 pair of boots
Jewellery
 I - a ring of see invisible (left hand)
Talismans
 c - a beast talisman
 d - a flux talisman
Scrolls
 i - a scroll of identify


   Skills:
 - Level 3.5 Fighting
 - Level 2.0 Dodging
 - Level 3.0 Unarmed Combat
 - Level 1.0 Spellcasting
 + Level 1.0 Conjurations
 - Level 3.0 Shapeshifting


You had 3 spell levels left.
You knew the following spells:

 Your Spells              Type           Power      Damage    Failure   Level
z - Searing Ray           Conj           6%         2d4       36%         2

Your spell library contained the following spells:

 Spells                   Type           Power      Damage    Failure   Level
 Magic Dart               Conj           12%        1d3       24%         1
 Ensorcelled Hibernation  Hex/Ice        0%         N/A       50%         2
 Jinxbite                 Hex            0%         N/A       50%         2
 Fulminant Prism          Conj/Hex       0%         3d5       96%         4
 Anguish                  Hex/Necr       0%         N/A       98%         4


Dungeon Overview and Level Annotations

Branches:
Dungeon (2/15)

Altars:

Annotations:
D:2 Crazy Yiuf


Message History

Moving in this stuff is going to be slow.
You enter the shallow water.
Moving in this stuff is going to be slow.
Things that are here:
a +0 dagger; a +0 club; a kobold skeleton You enter the shallow water.
Moving in this stuff is going to be slow.
Found a hammer.
Found a runed translucent door.
Crazy Yiuf shouts!
Crazy Yiuf twirls on the spot.
Okay, then.
As you read the scroll labelled RUINYS FARCHOLL, it crumbles to dust.
It is a scroll of identify.
e - a potion of degeneration You drop a potion of degeneration.
Crazy Yiuf says, "Cake snockshim tea!"
You open the door. You hit Crazy Yiuf.
Crazy Yiuf is lightly wounded.
Crazy Yiuf hits you with a +2 quarterstaff of chaos!
You hit Crazy Yiuf.
Crazy Yiuf is poisoned.
Crazy Yiuf is moderately wounded.
Crazy Yiuf hits you with a +2 quarterstaff of chaos.
You feel your power leaking away.
You are too injured to fight recklessly!
Crazy Yiuf attacks as he pursues you!
Crazy Yiuf hits you with a +2 quarterstaff of chaos!
* * * LOW HITPOINT WARNING * * *
You aren't carrying any potions.
Blink to where?
Press: ? - help, Dir - move target
As you read the scroll of blinking, it crumbles to dust.
Crazy Yiuf says, "Lugonu!
Lay stair green."
Crazy Yiuf yells, "Action!"
Crazy Yiuf looks more healthy.
Crazy Yiuf cries, "You leg down broken song, no?"
Crazy Yiuf screams, "Orb sallow ena!"
Crazy Yiuf attacks as he pursues you!
Crazy Yiuf hits you with a +2 quarterstaff of chaos!
You die...

#~P~....# #..
##~♣~##.# #..
######.# #.. #.#
#.. #.# #.. #.#
##. #.# ## #.# #
#h# #g# #.# #.#
#.# #.# #.####♣♣
### #.#....♣♣
♣♣#..)#
#.......♣♣♣♣!'...#


You could see Crazy Yiuf.

Vanquished Creatures
  3 adders
  A dart slug (D:1)
  An orc (D:2)
  7 endoplasms
  4 giant cockroaches (D:1)
  3 goblins (D:2)
  4 hobgoblins
  2 quokkas
  7 ball pythons
  2 frilled lizards (D:1)
  5 kobolds
  4 rats (D:2)
43 creatures vanquished.

Notes
Turn   | Place    | Note
-------+----------+-------------------------------------------
     0 | D:1      | Armakuni the Human Shapeshifter began the quest for the
                  | Orb.
     0 | D:1      | Reached XP level 1. HP: 15/15 MP: 1/1
   107 | D:1      | Reached XP level 2. HP: 14/22 MP: 2/2
   403 | D:1      | Reached XP level 3. HP: 28/28 MP: 3/3
   919 | D:2      | Reached XP level 4. HP: 29/35 MP: 4/4
   937 | D:2      | Learned a level 2 spell: Searing Ray
  1260 | D:2      | Reached skill level 1 in Conjurations
  1265 | D:2      | Reached skill level 1 in Spellcasting
  1398 | D:2      | Found a runed translucent door.
  1399 | D:2      | Noticed Crazy Yiuf
  1423 | D:2      | Slain by Crazy Yiuf

Illustrated notes

Levels and vault maps discovered:
D:1:      elethiomel_arrival_infinity_welcomes_careful_drivers,
          layout_loops_ring
D:2:      layout_rooms, serial_bayou, serial_bayou_shore_b, serial_bayou_pond_a,
          serial_bayou_lagoon_a, serial_bayou_pond_a, uniq_crazy_yiuf_cottage

Skill      XL: |  1  2  3  4 |
---------------+-------------+-----
Fighting       | 2 3 |  3.5
Conjurations   | 1 |  1.0
Spellcasting   | 1 |  1.0
Dodging        | |  2.0
Unarmed Combat | |  3.0
Shapeshifting  | |  3.0

Action                     |  1- 3 |  4- 6 || total
---------------------------+-------+-------++-------
  Melee: Unarmed           |    70 |       ||    70
         Whip              |    11 |    35 ||    46
         Punch             |     2 |       ||     2
    Use: Scroll            |     1 |     2 ||     3
         Potion            |     1 |       ||     1
   Stab: Sleeping          |     1 |       ||     1
 Armour: Leather armour    |    38 |    15 ||    53
         Skin              |     8 |       ||     8
  Dodge: Dodged            |    35 |    15 ||    50

Table legend: (Time is in decaauts)
 A = Elapsed time spent in this place.
 B = Non-inter-level travel time spent in this place.
 C = Inter-level travel time spent in this place.
 D = Time resting spent in this place.
 E = Time spent auto-exploring this place.
 F = Levels seen in this place.
 G = Mean time per level.
                   A        B        C        D        E       F      G
               +--------+--------+--------+--------+--------+-----+--------+
         Total |   1431 |   1383 |     48 |     53 |    908 |   2 |  715.5 |
       Dungeon |   1431 |   1383 |     48 |     53 |    908 |   2 |  715.5 |
               +--------+--------+--------+--------+--------+-----+--------+

Top non-repeatable levels by time:
     D:1: 867 daAuts
     D:2: 564 daAuts
